 Dungeon Crawl Stone Soup version 0.28-a0-1616-g050a50673c (webtiles) character file.

Game seed: 16122814421138740956

365 a3don the Skirmisher (level 6, -10/53 HPs)
             Began as a Hill Orc Fighter on Jan 22, 2022.
             Was an Initiate of Makhleb.
             Mangled by an ogre (19 damage)
             ... on level 4 of the Dungeon.
             The game lasted 00:04:57 (4658 turns).

a3don the Skirmisher (Hill Orc Fighter)             Turns: 4658, Time: 00:04:58

Health: -10/53     AC: 13    Str: 21    XL:     6   Next: 68%
Magic:  0/8        EV:  7    Int:  8    God:    Makhleb [......]
Gold:   230        SH:  4    Dex: 10    Spells: 8/8 levels left

rFire   . . .      SeeInvis .   a - +0 war axe
rCold   . . .      Faith    .   c - +0 buckler
rNeg    . . .      Spirit   +   r - +0 chain mail
rPois   .          Reflect  .   m - +0 helmet
rElec   .          Harm     .   (no cloak)
rCorr   .          Rampage  .   g - +0 pair of gloves
Will    .....                   t - +0 pair of boots
Stlth   ..........              n - amulet of guardian spirit
HPRegen 0.17/turn               (no ring)
MPRegen 0.11/turn               (no ring)

@: no status effects
A: no striking features
a: Renounce Religion


You were on level 4 of the Dungeon.
You worshipped Makhleb.
Makhleb was noncommittal.
You visited 1 branch of the dungeon, and saw 4 of its levels.

You collected 230 gold pieces.

Inventory:

Hand Weapons
 a - a +0 war axe (weapon)
 d - a +3 flail of holy wrath
Missiles
 s - 3 poisoned darts (quivered)
 v - 84 stones
Armour
 b - a +0 scale mail
 c - a +0 buckler (worn)
 g - a +0 pair of gloves (worn)
 m - a +0 helmet (worn)
 r - a +0 chain mail (worn)
 t - a +0 pair of boots (worn)
Jewellery
 n - an amulet of guardian spirit (around neck)
Wands
 p - a wand of flame (18)
Scrolls
 e - a scroll of vulnerability {unknown}
 f - 3 scrolls of identify {unknown}
 h - 3 scrolls of teleportation {unknown}
 o - a scroll of magic mapping {unknown}
 w - a scroll of enchant weapon {unknown}
Potions
 i - 2 potions of curing {unknown}
 j - 3 potions of flight {unknown}
 k - a potion of magic {unknown}
 l - 2 potions of heal wounds {unknown}
 q - a potion of brilliance {unknown}
 u - a potion of attraction {unknown}


   Skills:
 + Level 4.7 Fighting
 + Level 4.2 Axes
 + Level 4.2 Armour
 + Level 4.2 Shields
 + Level 1.5 Spellcasting
 * Level 3.2 Hexes


You had 8 spell levels left.
You didn't know any spells.
Your spell library contained the following spells:

 Spells                   Type           Power      Damage    Failure   Level
 Animate Skeleton         Necr           0%         N/A       99%         1
 Apportation              Tloc           0%         N/A       99%         1
 Summon Small Mammal      Summ           0%         N/A       99%         1
 Inner Flame              Hex/Fire       3%         N/A       100%        3
 Cause Fear               Hex            2%         N/A       100%        4
 Discord                  Hex            2%         N/A       100%        8


Dungeon Overview and Level Annotations

Branches:
Dungeon (4/15)
 Temple: D:4-7

Altars:
Cheibriados
Makhleb


Message History

You see here a +0 short sword.
An ogre comes into view. It is wielding a +0 giant club.
The ogre shouts!
The ogre hits you with a +0 giant club!
You completely miss the ogre. The ogre hits you with a +0 giant club!
You hit the ogre but do no damage. The ogre closely misses you.
You barely miss the ogre. The ogre hits you with a +0 giant club!
You are too injured to fight recklessly!
You are too injured to fight recklessly!
You are too injured to fight recklessly!
You are too injured to fight recklessly!
You are too injured to fight recklessly!
You are too injured to fight recklessly!
You are too injured to fight recklessly!
You are too injured to fight recklessly!
You are too injured to fight recklessly!
You are too injured to fight recklessly!
You are too injured to fight recklessly!
You are too injured to fight recklessly!
You are too injured to fight recklessly!
You are too injured to fight recklessly!
You are too injured to fight recklessly!
You are too injured to fight recklessly!
You are too injured to fight recklessly!
You are too injured to fight recklessly!
You slash the ogre!
The ogre is heavily wounded.
The ogre hits you with a +0 giant club!
* * * LOW HITPOINT WARNING * * *
You slash the ogre!
The ogre is almost dead.
The ogre closely misses you.
You hit the ogre.
The ogre is almost dead.
The ogre hits you with a +0 giant club.
* * * LOW HITPOINT WARNING * * *
You completely miss the ogre.
The ogre is almost dead.
The ogre hits you with a +0 giant club!!
You die...

##### ### ####
#.... #.. ..#
#.### #.#
#.#######.###
#.####.##.........
#O##......####.###
#@##.#.#### #....
#.##.#.# #####
#......# ####.###
#.# #.# #######
#.# #.....# #.#
#.....# #.#
#.....#


You could see an ogre.

Vanquished Creatures
  Edmund (D:4)
  A water moccasin (D:4)
  An iguana (D:4)
  A hound skeleton (D:4)
  3 adders (D:2)
  3 worms
  3 dart slugs
  4 orcs
  4 endoplasms
  3 giant cockroaches
  8 goblins
  5 hobgoblins
  A quokka (D:1)
  3 ball pythons
  2 bats
  5 frilled lizards
  7 kobolds
  A quokka skeleton (D:4)
  6 rats
62 creatures vanquished.

Notes
Turn   | Place    | Note
-------+----------+-------------------------------------------
     0 | D:1      | a3don the Hill Orc Fighter began the quest for the Orb.
     0 | D:1      | Reached XP level 1. HP: 19/19 MP: 1/1
   156 | D:1      | Reached XP level 2. HP: 26/27 MP: 2/2
   796 | D:1      | Reached skill level 1 in Hexes
   893 | D:2      | Found a faded altar of an unknown god.
   916 | D:2      | Reached XP level 3. HP: 29/33 MP: 3/3
  1906 | D:2      | Identified the +1 robe "Zossi" {Drain Dex+6}
  1961 | D:2      | Reached XP level 4. HP: 40/40 MP: 3/5
  2104 | D:3      | Found a burning altar of Makhleb.
  2124 | D:3      | Found a snail-covered altar of Cheibriados.
  2506 | D:3      | Became a worshipper of Makhleb the Destroyer
  3239 | D:4      | Noticed Edmund
  3256 | D:4      | Killed Edmund
  3257 | D:4      | Reached skill level 1 in Spellcasting
  3257 | D:4      | Reached XP level 5. HP: 4/47 MP: 0/6
  3642 | D:4      | Reached XP level 6. HP: 42/53 MP: 5/7
  3708 | D:4      | Noticed a water moccasin
  3718 | D:4      | Killed a water moccasin
  3726 | D:4      | HP: 2/53 [poisoned by a water moccasin]
  4658 | D:4      | Mangled by an ogre

Illustrated notes

Levels and vault maps discovered:
D:1:      erik_arrival_orb_chamber, layout_basic
D:2:      layout_loops_ring, basic_ecumenical_altar,
          chequers_serial_rivers_micro_e
D:3:      layout_basic, mainiacjoe_overflow_catwalk_spiral
D:4:      layout_loops_cross, uniq_edmund

Skill      XL: |  1  2  3  4  5  6 |
---------------+-------------------+-----
Axes           | 3 4 |  4.2
Hexes          | 1 2 3 |  3.2
Fighting       | 4 |  4.7
Armour         | 4 |  4.2
Spellcasting   | 1 |  1.5
Shields        | 4 |  4.2

Action                   |  1- 3 |  4- 6 || total
-------------------------+-------+-------++-------
Melee: War axe           |    90 |   105 ||   195
Throw: Dart              |       |     3 ||     3
  Use: Potion            |       |     1 ||     1
Armor: Scale mail        |    41 |    22 ||    63
       Chain mail        |       |    22 ||    22
Dodge: Dodged            |    46 |    31 ||    77
Block: Buckler           |    21 |    18 ||    39

Table legend: (Time is in decaauts)
 A = Elapsed time spent in this place.
 B = Non-inter-level travel time spent in this place.
 C = Inter-level travel time spent in this place.
 D = Time resting spent in this place.
 E = Time spent auto-exploring this place.
 F = Levels seen in this place.
 G = Mean time per level.
                   A        B        C        D        E       F      G
               +--------+--------+--------+--------+--------+-----+--------+
         Total |   4729 |   4537 |    192 |   1207 |   2737 |   4 | 1182.2 |
       Dungeon |   4729 |   4537 |    192 |   1207 |   2737 |   4 | 1182.2 |
               +--------+--------+--------+--------+--------+-----+--------+

Top non-repeatable levels by time:
     D:4: 1459 daAuts
     D:2: 1210 daAuts
     D:3: 1154 daAuts
     D:1: 905 daAuts
